 Dungeon Crawl Stone Soup version 0.29.1-13-g9f3cf754e1 (webtiles) character file.

Game seed: 7360060357254721494

340 Thatpatchoflichen the Slasher (level 6, 0/48 HPs)
             Began as a Human Gladiator on Feb 5, 2023.
             Was an Initiate of Okawaru.
             Succumbed to a water moccasin's poison
             ... on level 4 of the Dungeon.
             The game lasted 00:11:38 (4012 turns).

Thatpatchoflichen the Slasher (Human Gladiator)     Turns: 4012, Time: 00:11:38

Health: 0/48       AC:  6    Str: 20      XL:     6   Next: 87%
Magic:  6/6        EV: 12    Int:  8      God:    Okawaru [......]
Gold:   202        SH:  0    Dex: 16 (17) Spells: 5/5 levels left

rFire   + . .      SeeInvis .   n - +0 scimitar
rCold   + . .      Faith    .   (no shield)
rNeg    . . .      Spirit   .   s - +0 ring mail
rPois   +          Reflect  .   c - +0 helmet
rElec   +          Harm     .   (no cloak)
rCorr   +          Rampage  .   (no gloves)
Will    .....                   (no boots)
Stlth   +.........              h - amulet of regeneration
HPRegen 0.96/turn               w - +6 ring of strength
MPRegen 0.10/turn               (no ring)

@: lethally poisoned (0 -> -5), resistant
A: no striking features
a: Renounce Religion


You were on level 4 of the Dungeon.
You worshipped Okawaru.
Okawaru was noncommittal.
You visited 2 branches of the dungeon, and saw 5 of its levels.

You collected 202 gold pieces.

Inventory:

Hand Weapons
 n - a +0 scimitar (weapon)
Missiles
 d - 3 throwing nets
 e - a javelin
 p - 17 poisoned darts (quivered)
 r - 4 atropa-tipped darts
 D - 3 boomerangs
Armour
 b - a +0 leather armour
 c - a +0 helmet (worn)
 s - a +0 ring mail (worn)
 u - a +0 kite shield
 y - a +0 chain mail
Jewellery
 h - an amulet of regeneration (around neck)
 w - a +6 ring of strength (left hand)
 A - an amulet of regeneration
Scrolls
 f - a scroll of brand weapon {unknown}
 g - a scroll of poison {unknown}
 i - a scroll of amnesia {unknown}
 m - 2 scrolls of identify {unknown}
 o - 3 scrolls of blinking {unknown}
 q - 2 scrolls of magic mapping {unknown}
 t - a scroll of noise {unknown}
 v - 2 scrolls of teleportation
 x - a scroll of fog {unknown}
Potions
 a - a potion of heal wounds {unknown}
 j - 2 potions of mutation {unknown}
 k - 3 potions of resistance
 l - a potion of degeneration {unknown}
 z - a potion of invisibility {unknown}
 B - 2 potions of might {unknown}
 C - a potion of lignification {unknown}


   Skills:
 - Level 4.0 Fighting
 - Level 4.0 Long Blades
 - Level 2.0 Throwing
 + Level 3.6 Armour
 - Level 4.0 Dodging


You had 5 spell levels left.
You didn't know any spells.
Your spell library contained the following spells:

 Spells                   Type           Power      Damage    Failure   Level
 Apportation              Tloc           0%         N/A       56%         1
 Magic Dart               Conj           0%         1d3       56%         1
 Necrotise                Necr           0%         1d4       56%         1
 Searing Ray              Conj           0%         2d4       71%         2
 Dazzling Flash           Conj/Hex       0%         N/A       91%         3
 Fulminant Prism          Conj/Hex       0%         3d6       100%        4
 Iskenderun's Mystic Bla  Conj/Tloc      0%         2d3       100%        4
 Starburst                Conj/Fire      0%         6d3       100%        6
 Summon Small Mammal      Summ           Unusable   N/A       N/A         1

Dungeon Overview and Level Annotations

Branches:
Dungeon (4/15)             Temple (1/1) D:4

Altars:
Ashenzari
Cheibriados
Dithmenos
Elyvilon
Fedhas
Gozag
Hepliaklqana
Kikubaaqudgha
Nemelex Xobeh
Okawaru
Qazlal
Sif Muna
Trog
Uskayaw
Vehumet
Wu Jian
Xom
Yredelemnul
Zin
The Shining One

Shops:
D:1 =   D:4 =

Annotations:
D:4 Eustachio, Robin


Message History

The water moccasin bites you but does no damage.
You slash the water moccasin!
The water moccasin is severely wounded.
You feel sick. The water moccasin barely misses you.
The water moccasin bites you.
You are more poisoned.
The water moccasin poisons you!
You barely miss the water moccasin.
The water moccasin is severely wounded.
You feel very sick. The water moccasin bites you.
You are more poisoned.
The water moccasin poisons you! The water moccasin bites you!
You slash the water moccasin!
The water moccasin is almost dead.
* * * LOW HITPOINT WARNING * * *
You feel extremely sick. The water moccasin misses you.
You barely miss the water moccasin.
The water moccasin is almost dead.
* * * LOW HITPOINT WARNING * * *
You feel extremely sick. The water moccasin closely misses you.
The water moccasin misses you.
You miss the water moccasin.
The water moccasin is almost dead.
* * * LOW HITPOINT WARNING * * *
You feel very sick.
The water moccasin bites you but does no damage. x2
You hit the water moccasin.
You kill the water moccasin!
Okawaru is honoured by your kill.
* * * LOW HITPOINT WARNING * * *
You feel very sick.
You feel your dexterity returning.
Training target 4.0 for Fighting reached!
Your Fighting skill increases to level 4!
Your Armour skill increases to level 3!
It was a potion of resistance.
You feel protected.
You die...

...........#..#.#....#
#.#........#....#..#.#
..#.........#....##..#
###............>.....#
#.........##....#..##
#........#..#....#..#
#######.....#.#..#..#
#....#...##...#
##.#....@.....#
#.......†###..#
########..# #... ##..#
##. #.... #####


There were no monsters in sight!

Vanquished Creatures
  A water moccasin (D:4)
  A quasit (D:3)
  A jelly (D:4)
  An orc priest (D:3)
  A gnoll (D:1)
  4 adders
  A shadow imp (D:4)
  2 ufetubi (D:4)
  2 worms
  A dart slug (D:2)
  4 orcs (D:3)
  8 bats
  2 endoplasms
  A giant cockroach (D:1)
  8 goblins
  9 hobgoblins
  4 jackals (D:1)
  A quokka (D:2)
  10 ball pythons
  3 frilled lizards
  3 kobolds
  4 rats
72 creatures vanquished.

Vanquished Creatures (others)
  5 demonic plants (D:4)
5 creatures vanquished.

Grand Total: 77 creatures vanquished

Notes
Turn   | Place    | Note
-------+----------+-------------------------------------------
     0 | D:1      | Thatpatchoflichen the Human Gladiator began the quest for
                  | the Orb.
     0 | D:1      | Reached XP level 1. HP: 16/16 MP: 1/1
    46 | D:1      | Reached XP level 2. HP: 11/22 MP: 2/2
   297 | D:1      | Reached XP level 3. HP: 28/28 MP: 3/3
   303 | D:1      | Found a faded altar of an unknown god.
   447 | D:1      | Found Veal's Jewellery Boutique.
  1115 | D:1      | Reached XP level 4. HP: 27/34 MP: 4/4
  1763 | D:2      | Reached XP level 5. HP: 41/41 MP: 5/5
  2492 | D:3      | Reached skill level 1 in Armour
  3035 | D:4      | Found Canuts's Jewellery Shoppe.
  3036 | D:4      | Noticed a centaur
  3036 | D:4      | Noticed Eustachio
  3036 | D:4      | Noticed Robin
  3082 | D:4      | Reached XP level 6. HP: 47/47 MP: 6/6
  3303 | D:4      | Found a staircase to the Ecumenical Temple.
  3317 | Temple   | Entered the Ecumenical Temple
  3938 | Temple   | Became a worshipper of Warmaster Okawaru
  4001 | D:4      | Noticed a water moccasin
  4011 | D:4      | Killed a water moccasin
  4011 | D:4      | HP: 2/48 [poisoned by a water moccasin]
  4012 | D:4      | Succumbed to a water moccasin's poison

Illustrated notes

Levels and vault maps discovered:
D:1:      co_arrival_random_square_maze, layout_loops_ring, serial_shops, shop,
          hellmonk_ecumenical_altar_dog_temple
D:2:      kb_forest_paths, layout_basic
D:3:      layout_loops_cross, hex_large, minmay_fountain_box
D:4:      layout_basic, nicolae_ru_path_of_blood,
          minmay_temple_entry_mini_moons, serial_demonic, serial_demonic_b,
          serial_demonic_b, serial_demonic_c, serial_demonic_f,
          serial_demonic_e, minmay_shop_grid_forest,
          hangedman_abyss_or_decor_stagger, st_stairs_1, uniq_eustachio,
          uniq_robin
Temple:   mainiacjoe_temple_cubbyholes

Skill      XL: |  1  2  3  4  5  6 |
---------------+-------------------+-----
Fighting       | 3 4 |  4.0
Long Blades    | 4 |  4.0
Armour         | 1 3 |  3.6
Dodging        | 4 |  4.0
Throwing       | |  2.0

Action                   |  1- 3 |  4- 6 || total
-------------------------+-------+-------++-------
Melee: Long sword        |    64 |       ||    64
       Scimitar          |     8 |   130 ||   138
       Punch             |       |     1 ||     1
  Use: Scroll            |       |     1 ||     1
       Potion            |       |     1 ||     1
 Stab: Sleeping          |       |     1 ||     1
Armor: Leather armour    |    35 |       ||    35
       Ring mail         |       |    81 ||    81
Dodge: Dodged            |    96 |   146 ||   242
